Map: Blueshift LE

Players

ShaDoWn - Winner!

  • Race: Protoss Protoss
  • Spawn Location: 7:00

Semper

  • Race: Terran Terran
  • Spawn Location: 1:00

Event: WCS Montreal 2018

VOD

Have the link to the VOD?

Description

Time

  • Played on: Sept. 7, 2018, 4:30 p.m.
  • Length: 11:05

All games in this series

Show
View Real Time Build Order
Export as new Build Order

ShaDoWn Protoss - Winner!

Build Orders: Oracle Opening, Blink Stalkers 

Get SALT Encoding   

  12  0:00  Probe  
  13  0:13  Probe  
  14  0:16  Pylon  
  14  0:23  Probe  
  15  0:32  Probe  
  15  0:38  Gateway  
  15  0:40  Probe  
  16  0:46  Assimilator  
  17  0:51  Probe  
  18  1:03  Probe, Assimilator  
  19  1:15  Pylon, Probe  
  20  1:27  Probe, Cybernetics Core  
  20  1:29  Zealot  
  23  1:39  Probe  
  24  1:51  Probe  
  25  1:55  Adept  
  25  2:04  Probe  
  25  2:06  Stargate  
  28  2:14  Warp Gate  
  28  2:16  Probe  
  28  2:28  Probe  
  29  2:41  Nexus  
  29  2:45  Pylon  
  29  2:54  Oracle  
  29  2:55  Probe  
  33  3:09  Twilight Council, Probe  
  34  3:15  Stalker  
  36  3:22  Probe  
  36  3:28  Pylon  
  36  3:34  Probe  
  37  3:37  Blink  
  37  3:45  Probe  
  38  3:49  Probe  
  38  3:53  Probe  
  39  3:58  Probe  
  39  4:01  Probe  
  41  4:07  Probe  
  42  4:12  Probe  
  42  4:13  Gateway  
  42  4:15  Gateway  
  44  4:19  Probe  
  44  4:21  Stalker  
  47  4:29  Pylon, Probe  
  48  4:31  Probe  
  48  4:34  Phoenix  
  51  4:41  Probe  
  51  4:42  Stalker  
  51  4:45  Pylon  
  54  4:47  Probe  
  55  4:53  Shield Battery, Probe  
  55  4:59  Probe  
  57  5:02  Assimilator  
  57  5:09  Probe  
  57  5:10  Stalker x3  
  62  5:24  Nexus  
  62  5:34  Stalker x2  
  64  5:36  Stalker  
  64  5:37  Probe  
  64  5:38  Probe  
  68  5:45  Pylon  
  67  5:50  Probe  
  67  5:54  Robotics Facility  
  67  5:58  Stalker  
  67  6:03  Stalker x2  
  71  6:07  Probe  
  71  6:08  Probe  
  68  6:19  Probe  
  68  6:20  Shield Battery  
  68  6:21  Probe  
  68  6:24  Stalker  
  72  6:29  Stalker x2  
  72  6:31  Probe  
  77  6:33  Pylon  
  77  6:46  Probe  
  76  6:53  Stalker x3  
  75  6:54  Probe  
  75  6:55  Probe  
  76  7:01  Probe  
  76  7:05  Forge  
  76  7:06  Probe  
  76  7:07  Forge  
  76  7:10  Probe  
  76  7:13  Probe  
  75  7:16  Stalker x3  
  80  7:23  Observer  
  80  7:24  Probe x2  
  80  7:29  Robotics Bay  
  83  7:33  Probe  
  83  7:35  Probe  
  83  7:36  Probe  
  86  7:38  Protoss Ground Weapons Level 1, Protoss Ground Armor Level 1  
  86  7:39  Assimilator  
  86  7:41  Assimilator, Probe  
  86  7:43  Assimilator, Probe  
  86  7:44  Probe  
  86  7:49  Probe  
  89  7:51  Probe  
  89  7:52  Probe  
  89  7:57  Pylon  
  92  8:00  Probe  
  92  8:03  Probe x2  
  95  8:08  Stalker x3  
  95  8:12  Probe  
  99  8:16  Probe  
  98  8:20  Observer  
  100  8:27  Pylon  
  100  8:31  Disruptor, Gateway x2, Charge  
  100  8:32  Probe  
  98  8:35  Gateway  
  98  8:37  Gateway  
  98  8:43  Pylon x2  
  101  8:50  Sentry  
  101  8:55  Disruptor  
  103  9:00  Probe  
  104  9:05  Nexus  
  104  9:06  Stalker x2  
  107  9:20  Pylon  
  107  9:24  Probe  
  107  9:25  Probe  
  109  9:31  Stalker x2, Shield Battery  
  109  9:32  Stalker x3, Gateway, Photon Cannon  
  119  9:48  Probe  
  119  9:52  Probe x2  
  122  9:54  Pylon  
  122  10:00  Disruptor  
  122  10:13  Probe  
  126  10:14  Zealot x7  
  126  10:17  Probe  
  141  10:33  Robotics Facility  
  141  10:35  Templar Archives  
  141  10:37  Stalker x4  
  138  10:59  Stalker x4  
  138  11:00  Stalker x4  
Show
View Real Time Build Order
Export as new Build Order

Semper Terran 

Build Orders: MMM Bio 

Get SALT Encoding   

  12  0:00  SCV  
  13  0:12  SCV  
  14  0:17  Supply Depot  
  14  0:25  SCV  
  15  0:40  Barracks  
  15  0:42  SCV  
  16  0:47  Refinery  
  16  0:54  Refinery  
  16  0:55  SCV  
  17  1:07  SCV  
  18  1:26  Orbital Command  
  18  1:27  Reaper  
  19  1:46  Factory  
  19  1:53  SCV  
  20  1:54  Supply Depot  
  20  2:01  Bunker  
  20  2:03  Reaper  
  21  2:08  SCV  
  22  2:21  SCV  
  22  2:34  SCV  
  22  2:35  Factory Reactor  
  23  2:45  Command Center  
  23  2:47  SCV  
  24  2:59  SCV  
  25  3:06  Supply Depot  
  25  3:08  Starport  
  25  3:14  Cyclone  
  28  3:22  Cyclone  
  31  3:27  SCV  
  32  3:39  SCV  
  33  3:46  Widow Mine  
  35  3:51  SCV  
  35  3:54  Widow Mine  
  37  3:59  Orbital Command  
  37  4:02  Starport Tech Lab  
  37  4:04  SCV  
  37  4:09  Widow Mine  
  39  4:16  SCV, Widow Mine  
  42  4:19  Orbital Command  
  42  4:28  Banshee, Cloaking Field, SCV  
  42  4:30  Barracks Tech Lab  
  46  4:40  SCV  
  46  4:41  Widow Mine  
  46  4:42  Widow Mine  
  46  4:45  SCV  
  52  4:52  SCV, Stimpack  
  54  4:55  Supply Depot x2  
  54  4:57  SCV  
  54  5:04  Bunker  
  54  5:16  Banshee, Marine  
  54  5:17  SCV  
  59  5:22  Barracks  
  59  5:24  Factory Tech Lab  
  59  5:28  SCV, Barracks  
  58  5:33  SCV  
  58  5:34  Marine  
  56  5:43  Siege Tank  
  59  5:51  SCV  
  59  5:52  Marine  
  59  6:01  Banshee  
  62  6:09  SCV  
  62  6:10  Marine  
  61  6:13  Marine x2  
  61  6:14  SCV  
  61  6:15  Siege Tank  
  61  6:16  Marine  
  62  6:21  SCV  
  62  6:23  Command Center  
  63  6:27  SCV, Marine  
  63  6:31  Marine  
  66  6:33  Marine, Supply Depot  
  66  6:34  SCV  
  68  6:43  Marine  
  68  6:45  Marine  
  67  6:47  Siege Tank  
  67  6:49  Marine  
  67  6:51  Marine  
  67  6:52  SCV  
  64  7:00  Combat Shields, Marine  
  58  7:02  SCV  
  58  7:03  Marine  
  58  7:04  SCV  
  58  7:06  Marine  
  54  7:08  Starport Reactor, Marine  
  54  7:15  SCV  
  56  7:16  SCV  
  54  7:25  Marine x2  
  54  7:26  Factory Reactor  
  54  7:27  SCV  
  54  7:28  SCV  
  54  7:29  Marauder  
  60  7:30  Concussive Shells  
  60  7:34  Barracks  
  60  7:36  Barracks  
  60  7:38  Orbital Command  
  60  7:39  SCV  
  60  7:42  SCV  
  62  7:45  Marine x2  
  62  7:46  Marauder  
  62  7:51  SCV  
  67  7:52  Refinery x2  
  67  7:59  Engineering Bay  
  67  8:02  Engineering Bay  
  67  8:05  SCV x2  
  68  8:09  Marauder, Marine  
  71  8:13  Marine  
  71  8:14  Marauder  
  71  8:23  SCV  
  76  8:29  Terran Infantry Armor Level 1, Terran Infantry Weapons Level 1, Orbital Command  
  76  8:30  Marine  
  76  8:31  Marauder  
  75  8:36  Marine  
  75  8:37  Marauder  
  75  8:39  SCV  
  77  8:42  Medivac  
  77  8:43  Medivac  
  77  8:45  SCV  
  77  8:46  Marauder, Marine  
  85  8:51  Marine  
  85  8:52  Marauder, SCV  
  85  8:55  SCV  
  90  8:57  SCV  
  90  8:59  Supply Depot  
  87  9:04  SCV  
  87  9:07  Marauder, SCV, Marine  
  91  9:10  SCV  
  91  9:16  SCV  
  93  9:21  Marauder, SCV, Barracks Reactor  
  93  9:22  Marauder  
  93  9:24  SCV, Supply Depot  
  99  9:25  Supply Depot  
  99  9:26  Armory  
  99  9:28  Medivac  
  101  9:42  SCV  
  101  9:45  Marine  
  101  9:46  Medivac, SCV  
  101  9:47  Marine  
  101  9:49  Factory  
  101  9:52  SCV, Factory  
  107  9:58  Barracks Tech Lab, Siege Tank  
  110  10:03  Refinery  
  110  10:05  SCV x2  
  108  10:09  Marine  
  108  10:10  Marauder  
  108  10:12  SCV  
  109  10:17  SCV  
  109  10:18  SCV  
  109  10:19  Refinery  
  109  10:20  Marine  
  109  10:21  Marauder, Marine, Supply Depot x2  
  115  10:24  SCV  
  115  10:29  SCV  
  115  10:34  SCV, Supply Depot  
  115  10:35  Supply Depot  
  117  10:37  Marauder  
  117  10:40  Marauder, Marine  
  117  10:42  Marine x3  
  125  10:43  Marauder  
  125  10:45  Factory Tech Lab  
  120  10:52  SCV  
Tags
 
Add a new tag
Caveats
  • Supply blocks, unpowered buildings, or Contaminate may cause inaccurate times.
  • Supply counts are checked every 10 seconds.